 Dungeon Crawl Stone Soup version 0.21-a0-426-g98080a9 (webtiles) character file.

30009 mastercheaf21 the Covert (level 13, -2/88 HPs)
             Began as an Octopode Assassin on Nov 7, 2017.
             Was a High Priest of Dithmenos.
             Slain by a tengu warrior
             ... wielding a +0 long sword
              (6 damage)
             ... on level 14 of the Dungeon.
             The game lasted 02:29:18 (19338 turns).

mastercheaf21 the Covert (Octopode Assassin)       Turns: 19338, Time: 02:29:21

Health: -2/88      AC:  8    Str: 10    XL:     13   Next: 48%
Magic:  14/14      EV: 28    Int: 16    God:    Dithmenos [*****.]
Gold:   746        SH:  0    Dex: 19    Spells: 10/14 levels left

rFire    x . .     SeeInvis .   R - +2 trident (pierce)
rCold    + + .     Gourm    +   (no shield)
rNeg     . . .     Faith    .   (helmet restricted)
rPois    +         Spirit   .   W - amulet of the gourmand
rElec    .         Reflect  .   e - +3 ring of intelligence
rCorr    .         Harm     .   x - ring of flight
MR       .....                  s - +3 ring of protection
Stlth    ++++++++++             y - ring of stealth
HPRegen  0.24/turn              F - +5 ring of evasion
MPRegen  0.14/turn              O - +2 ring of protection
                                V - ring of ice
                                (no ring)

@: wreathed by umbra
A: almost no armour, stealthy swim, amphibious, 8 rings, constrict 8, tentacle
spike 1, icy blue scales 1, camouflage 1, cold resistance 1, poison resistance,
gelatinous body 1, evolution 1
a: Shadow Step, Shadow Form, Renounce Religion, Evoke Flight


You were on level 14 of the Dungeon.
You worshipped Dithmenos.
Dithmenos was extremely pleased with you.
You were not hungry.

You visited 2 branches of the dungeon, and saw 14 of its levels.
You also visited: Ossuary.

You collected 746 gold pieces.

Inventory:

Hand Weapons
 a - a +2 dagger
 b - a +0 blowgun
 l - a +2 short sword of venom
 o - a +0 hunting sling
 p - a +1 vampiric short sword
 t - a +2 short sword of draining
 B - a +1 trident of venom
 G - the +7 rapier of Ykhlai Vene {holy, rN+}
   (You found it on level 8 of the Dungeon)

   It has been blessed by the Shining One to cause great damage to the undead
   and demons.
   It protects you from negative energy.
 L - a +1 dagger of venom
 P - a +0 dagger of freezing
 Q - a -1 dagger
 R - a +2 trident of piercing (weapon)
 S - a +2 whip of freezing
Missiles
 c - 8 poisoned needles
 d - 7 curare-tipped needles
 i - 127 sling bullets
 z - 166 arrows
 C - 16 tomahawks (quivered)
Jewellery
 e - a +3 ring of intelligence (left tentacle)
 s - a +3 ring of protection (on tentacle)
 x - a ring of flight (right tentacle)
 y - a ring of stealth (on tentacle)
 F - a +5 ring of evasion (on tentacle)
 O - a +2 ring of protection (on tentacle)
 V - a ring of ice (on tentacle)
 W - an amulet of the gourmand (around mantle)
Wands
 I - a wand of iceblast (4/15)
 N - a wand of digging (9/24)
 U - a wand of iceblast (6/15)
 Z - a wand of paralysis (11/24)
Scrolls
 g - 2 scrolls of teleportation
 m - 3 scrolls of fear
 n - 9 scrolls of identify
 r - 6 scrolls of remove curse
 w - 3 scrolls of fog
 A - 3 scrolls of recharging
Potions
 h - a potion of curing
 k - a potion of berserk rage
 v - a potion of invisibility
 D - a potion of magic
 E - 2 potions of might
 M - a potion of flight
 T - 2 potions of resistance
Books
 q - a book of Debilitation

   Spells                             Type                      Level
   a - Corona                         Hexes                        1
   b - Slow                           Hexes                        2
   c - Inner Flame                    Hexes/Fire                   3
   d - Portal Projectile              Hexes/Translocation          3
   e - Cause Fear                     Hexes                        4
   f - Leda's Liquefaction            Hexes/Earth                  4
 K - a book of Minor Magic

   Spells                             Type                      Level
   a - Magic Dart                     Conjuration                  1
   b - Blink                          Translocation                2
   c - Call Imp                       Summoning                    2
   d - Slow                           Hexes                        2
   e - Conjure Flame                  Conjuration/Fire             3
   f - Mephitic Cloud                 Conjuration/Poison/Air       3
 X - a book of Misfortune

   Spells                             Type                      Level
   a - Confusing Touch                Hexes                        1
   b - Confuse                        Hexes                        3
   c - Gell's Gravitas                Translocation                3
   d - Petrify                        Transmutation/Earth          4
   e - Metabolic Englaciation         Hexes/Ice                    5
   f - Yara's Violent Unravelling     Hexes/Transmutation          5
Comestibles
 f - 5 bread rations
 j - 12 royal jellies
 u - 8 meat rations
 H - a chunk of flesh


   Skills:
 * Level 7.8 Fighting
 - Level 12.8 Short Blades
   Level 1.1(1.6) Axes
 - Level 1.0(1.5) Maces & Flails
 - Level 1.0(1.5) Polearms
   Level 1.0(1.5) Staves
 - Level 1.1(4.8) Slings
 - Level 7.4(7.5) Throwing
 + Level 11.4 Dodging
 - Level 14.1 Stealth
 - Level 1.1 Unarmed Combat
 + Level 1.0 Spellcasting
 + Level 1.2 Invocations
 + Level 1.2 Evocations


You had 10 spell levels left.
You knew the following spells:

 Your Spells              Type           Power        Failure   Level  Hunger
a - Blink                 Tloc           N/A          34%         2    ###....
b - Slow                  Hex            #.......     34%         2    ###....


Dungeon Overview and Level Annotations

Branches:
Dungeon (14/15)            Temple (1/1) D:4            Lair (0/6) D:10
    Orc (0/2) D:9          Vaults (0/5) D:13

Altars:
Ashenzari
Cheibriados
Dithmenos
Elyvilon
Fedhas
Gozag
Hepliaklqana
Kikubaaqudgha
Makhleb
Nemelex Xobeh
Okawaru
Qazlal
Ru
Sif Muna
Trog
Uskayaw
Vehumet
Wu Jian
Xom
Yredelemnul
Zin
The Shining One

Shops:
D:4 (   D:7 ?


Innate Abilities, Weirdness & Mutations

You cannot wear most types of armour.
You are very stealthy in the water. (Stealth+)
You are amphibious.
You can wear up to eight rings at the same time.
You can use your tentacles to constrict eight enemies at once.
Your skin changes colour to match your surroundings (Stealth+).
Your rubbery body absorbs attacks. (AC +1, EV +1)
One of your tentacles bears a spike.
You are partially covered in icy blue scales. (AC +2)
Your flesh is cold resistant. (rC+)
Your system is resistant to poisons. (rPois)
You evolve.


Message History

The tengu warrior hits you with a great mace!!
* * * LOW HITPOINT WARNING * * *
The tengu warrior completely misses you.
The tengu warrior claws you.
* * * LOW HITPOINT WARNING * * *
The harpy misses you. The harpy completely misses you. x3
The harpy claws you.
* * * LOW HITPOINT WARNING * * *
The harpy completely misses you.
Your surroundings seem slightly different.
The harpy completely misses you. x2; The harpy closely misses you.
The harpy misses you.
Okay, then.
You fail to use your ability.
The harpy misses you. The harpy claws you.
* * * LOW HITPOINT WARNING * * *
The harpy claws you.
* * * LOW HITPOINT WARNING * * *
The harpy misses you.
The tengu warrior hits you with a long sword.
You die...

#....###......# ###.###
..............+ .....
....÷.........#######.####
#....>........'..........####
.........[....#######'##......
##....##......# #.......#..###
....#^##......# #.......#..#
#####.##############≈....≈##
..# #.# ##@H.##.##.##.Q ...
..# ##Q.H..........≈ ... ##
#$.≈≈.##....##.≈ ...
##.≈Q.[#....c.# . ...
#.....##≈.##.≈# ...
#######≈≈.. .≈≈# ##. .....
#..# .....# ... ...C..# ..


You could see 2 tengu warriors and 2 harpies.

Vanquished Creatures
  Snorg (D:11)
  4 vault guards (D:13)
  3 hydras
  Fannar (D:11)
  A centaur warrior (D:13)
  Erica (D:11)
  3 two-headed ogres
  Sonja (D:11)
  A skeletal warrior (D:12)
  A wizard (D:13)
  A deep elf archer (D:13)
  An orc knight (D:13)
  A deep elf mage (D:13)
  2 cyclopes
  2 manticores (D:13)
  An orc sorcerer (D:13)
  2 ugly things
  A centaur zombie (D:11)
  Psyche (D:11)
  3 gargoyles
  2 kobold demonologists
  The ghost of Nuz the Digger, a novice GrEE (D:5)
  5 trolls
  Prince Ribbit (D:9)
  A hornet (D:12)
  6 slime creatures (D:12)
  The ghost of mastercheaf21 the Covert, an amateur OpAs (D:4)
  2 meliai zombies
  2 hippogriffs
  2 wyverns
  A shadow (D:11)
  11 yaks
  A steam dragon (D:12)
  3 water moccasins
  An acid dragon (D:14)
  4 ice beasts
  A sky beast (D:8)
  A porcupine (D:10)
  13 orc warriors
  A black bear (shapeshifter) (D:13)
  2 phantoms
  6 centaurs (D:13)
  An eye of draining (D:10)
  2 crocodiles
  6 ogres
  9 bullfrogs
  2 wyvern zombies (D:12)
  A gnoll sergeant (D:13)
  3 scorpions
  7 killer bees
  4 wights (D:11)
  7 howler monkeys
  5 jellies
  3 electric eels
  3 crimson imps
  2 quasits (D:12)
  2 bullfrog zombies
  4 bullfrog skeletons
  3 hounds
  7 orc priests
  12 orc wizards
  6 iguanas
  5 worker ants
  3 hound skeletons
  A worker ant zombie (D:5)
  Robin (D:3)
  9 gnolls
  A howler monkey skeleton (D:5)
  9 adders
  7 shadow imps
  6 oozes
  3 dart slugs
  3 leopard geckos
  53 orcs
  6 bats
  2 giant cockroaches (D:1)
  23 goblins
  4 hobgoblins
  9 jackals
  4 quokkas
  3 ball pythons
  2 frilled lizards
  11 kobolds
  A kobold zombie (Ossuary)
  An orc zombie (Ossuary)
  6 rats
  2 rat zombies (D:7)
  A fungus (D:10)
  A plant (D:10)
366 creatures vanquished.

Vanquished Creatures (others)
  A shadow imp (D:13)
  A fungus (D:10)
2 creatures vanquished.

Grand Total: 368 creatures vanquished

Notes
Turn   | Place    | Note
-------+----------+-------------------------------------------
     0 | D:1      | mastercheaf21 the Octopode Assassin began the quest for the Orb.
     0 | D:1      | Reached XP level 1. HP: 14/14 MP: 1/1
    82 | D:1      | Reached XP level 2. HP: 19/19 MP: 2/2
    86 | D:1      | Reached skill level 6 in Stealth
   780 | D:2      | Reached XP level 3. HP: 5/24 MP: 3/3
  1306 | D:2      | Reached skill level 7 in Stealth
  1886 | D:2      | Found a stormy altar of Qazlal.
  2155 | D:3      | Reached XP level 4. HP: 29/29 MP: 4/4
  2189 | D:3      | Noticed Robin
  2200 | D:3      | Killed Robin
  2200 | D:3      | Reached skill level 8 in Stealth
  2545 | D:3      | Reached XP level 5. HP: 34/34 MP: 5/5
  2858 | D:3      | Noticed an ogre
  2877 | D:3      | Killed an ogre
  2877 | D:3      | Reached skill level 9 in Stealth
  3051 | D:3      | Gained mutation: One of your tentacles bears a spike. [potion of mutation]
  3051 | D:3      | Gained mutation: Your flesh is cold resistant. (rC+) [potion of mutation]
  3079 | D:4      | Found Seqit's Antique Weapon Shop.
  3079 | D:4      | Noticed a phantom
  3107 | D:4      | Found a staircase to the Ecumenical Temple.
  3116 | Temple   | Entered the Ecumenical Temple
  3178 | Temple   | Became a worshipper of Dithmenos the Shadowed
  3253 | D:4      | Reached XP level 6. HP: 23/39 MP: 6/6
  3629 | D:4      | Killed a phantom
  3629 | D:4      | Reached skill level 10 in Stealth
  3990 | D:4      | Noticed mastercheaf21's ghost (amateur OpAs)
  4005 | D:4      | Killed mastercheaf21's ghost
  4005 | D:4      | Reached XP level 7. HP: 26/45 MP: 7/7
  4230 | D:5      | Entered Level 5 of the Dungeon
  4412 | D:5      | Noticed Nuz's ghost (novice GrEE)
  4738 | D:5      | Killed Nuz's ghost
  4738 | D:5      | Reached skill level 5 in Short Blades
  4738 | D:5      | Reached XP level 8. HP: 10/50 MP: 8/8
  5572 | D:5      | Reached skill level 5 in Dodging
  6084 | D:5      | You fall through a shaft for 2 floors!
  6114 | D:7      | Found a sand-covered staircase.
  6138 | Ossuary  | Entered an ossuary
  6153 | Ossuary  | Noticed sergedm's ghost (novice DECj)
  6192 | D:7      | Reached * piety under Dithmenos
  6719 | D:7      | Found Eloacw's Magic Scroll Boutique.
  6808 | D:7      | Reached XP level 9. HP: 22/54 MP: 9/9
  7352 | D:8      | Got a bloodstained rapier
  7511 | D:8      | Gained mutation: Scrolls take you a little longer to read. [mutagenic meat]
  7512 | D:8      | Gained mutation: You evolve. [mutagenic meat]
  7529 | D:8      | Reached ** piety under Dithmenos
  8229 | D:9      | Noticed a troll
  8256 | D:9      | Killed a troll
  8256 | D:9      | Reached XP level 10. HP: 29/60 MP: 10/10
  8512 | D:9      | Noticed a two-headed ogre
  8589 | D:9      | Gained mutation: Your system is resistant to poisons. (rPois) [evolution]
  8801 | D:9      | Reached *** piety under Dithmenos
  9535 | D:9      | Noticed Prince Ribbit
  9566 | D:9      | Killed Prince Ribbit
  9678 | D:9      | Reached skill level 10 in Short Blades
  9709 | D:9      | Found a staircase to the Orcish Mines.
  9838 | D:9      | Killed a two-headed ogre
  9838 | D:9      | Reached skill level 5 in Fighting
 10031 | D:10     | Entered Level 10 of the Dungeon
 10119 | D:10     | Noticed a two-headed ogre
 10669 | D:10     | Killed a two-headed ogre
 10669 | D:10     | Reached XP level 11. HP: 58/75 MP: 11/11
 10949 | D:10     | Reached **** piety under Dithmenos
 11154 | D:10     | Found a staircase to the Lair.
 11491 | D:11     | Noticed Erica
 11497 | D:11     | Killed Erica
 11498 | D:11     | Noticed Fannar
 11500 | D:11     | Killed Fannar
 11585 | D:11     | Noticed Psyche
 11591 | D:11     | Killed Psyche
 11892 | D:11     | Noticed an eight-headed hydra
 11893 | D:11     | Noticed Snorg
 11925 | D:11     | Killed Snorg
 11925 | D:11     | Reached skill level 1 in Axes
 11925 | D:11     | Reached skill level 1 in Maces & Flails
 11925 | D:11     | Reached skill level 1 in Polearms
 11925 | D:11     | Reached skill level 1 in Staves
 11925 | D:11     | Reached skill level 1 in Slings
 11925 | D:11     | Reached skill level 1 in Unarmed Combat
 11925 | D:11     | Reached skill level 1 in Invocations
 11925 | D:11     | Reached skill level 1 in Evocations
 12092 | D:11     | Killed an eight-headed hydra
 12102 | D:11     | Reached skill level 11 in Stealth
 12483 | D:11     | Noticed a two-headed ogre
 12490 | D:11     | Killed a two-headed ogre
 12553 | D:11     | Noticed Sonja
 12570 | D:11     | Killed Sonja
 12570 | D:11     | Reached skill level 12 in Stealth
 12570 | D:11     | Reached XP level 12. HP: 78/81 MP: 13/13
 13068 | D:12     | Reached skill level 13 in Stealth
 13475 | D:12     | Reached ***** piety under Dithmenos
 13611 | D:12     | Noticed an eight-headed hydra
 13624 | D:12     | Killed an eight-headed hydra
 13624 | D:12     | Reached skill level 14 in Stealth
 13644 | D:12     | Reached skill level 1 in Spellcasting
 15500 | D:13     | Learned a level 2 spell: Blink
 15503 | D:13     | Learned a level 2 spell: Slow
 15846 | D:13     | Reached skill level 5 in Throwing
 15864 | D:13     | Noticed a centaur warrior
 15886 | D:13     | Killed a centaur warrior
 16157 | D:13     | Noticed an eight-headed hydra
 16179 | D:13     | Killed an eight-headed hydra
 16235 | D:13     | Gained mutation: You are partially covered in icy blue scales. (AC +2) [evolution]
 16474 | D:13     | Reached XP level 13. HP: 80/86 MP: 14/14
 16502 | D:13     | Reached skill level 10 in Dodging
 16669 | D:13     | HP: 3/86 [yak (9)]
 17083 | D:13     | Noticed a vault guard
 17089 | D:13     | Killed a vault guard
 17113 | D:13     | Noticed a vault guard
 17115 | D:13     | Noticed a vault guard
 17138 | D:13     | HP: 4/86 [something (5)]
 17570 | D:13     | Noticed a vault guard
 17621 | D:13     | Killed a vault guard
 17643 | D:13     | Lost mutation: Scrolls take you a little longer to read. [evolution]
 17980 | D:13     | Killed a vault guard
 18451 | D:13     | Killed a vault guard
 18469 | D:13     | Found a gate to the Vaults.
 18671 | D:13     | Identified the +7 rapier of Ykhlai Vene {holy, rN+} (You found it on level 8 of the Dungeon)
 18883 | D:13     | Found a portal to a secret trove of treasure.
 19338 | D:14     | HP: 4/88 [harpy (6)]
 19338 | D:14     | Slain by a tengu warrior

Vault maps used:
D:1:      erik_arrival_blinker_ship
D:2:      overflow_temple_1_default
D:3:      first_bread, minmay_ogre_servants, uniq_robin
D:4:      temple_hall, serial_shops, shop
D:7:      enter_ossuary_4, serial_shops, shop
D:9:      erik_orc_2, uniq_prince_ribbit1
D:10:     grunt_lair_entry_orc_guard_hut
D:11:     uniq_psyche, uniq_erica, uniq_fannar, uniq_snorg, uniq_sonja
D:12:     serial_co_window_serial, co_window_paths_a,
          co_window_of_opportunity_a, co_window_paths_a, co_window_paths_a,
          co_window_corner_a, co_window_broadway_a, co_window_2corner,
          co_window_corner_cb, co_window_2corner, co_window_2corner,
          co_window_paths_d, glass_columns_b, glass_columns_c, glass_columns_a,
          glass_columns_a, glass_columns_a, hangedman_little_slice_of_home,
          minivault_26
D:13:     grunt_vaults_entry_fortified, nicolae_trove_entry_crystal,
          hangedman_abyss_or_decor_clamps
D:14:     hangedman_aviary
Temple:   nicolae_temple_the_god_donut
Ossuary:  ossuary_tomb_2

Skill      XL: |  1  2  3  4  5  6  7  8  9 10 11 12 13 |
---------------+----------------------------------------+-----
Stealth        | 6 7 8 9 10 12 14 | 14.1
Short Blades   | 3 5 7 9 10 12 | 12.8
Dodging        | 2 4 6 8 9 11 | 11.4
Fighting       | 7 |  7.8
Axes           | 1 |  1.1
Maces & Flails | 1 |  1.0
Polearms       | 1 |  1.0
Staves         | 1 |  1.0
Slings         | 1 |  1.1
Unarmed Combat | 1 |  1.1
Invocations    | 1 |  1.2
Evocations     | 1 |  1.2
Spellcasting   | 1 |  1.0
Throwing       | 6 7 |  7.4

Action                   |  1- 3 |  4- 6 |  7- 9 | 10-12 | 13-15 || total
-------------------------+-------+-------+-------+-------+-------++-------
Melee: Dagger            |    71 |    66 |    56 |   187 |    45 ||   425
       Constrict         |    14 |    15 |    36 |    78 |    19 ||   162
       Tentacles         |    11 |    14 |    47 |   175 |    65 ||   312
       Short sword       |       |    16 |   187 |   458 |   159 ||   820
       Kick              |       |     5 |    70 |   244 |   107 ||   426
       Punch             |       |       |       |     2 |     5 ||     7
       Trident           |       |       |       |       |    16 ||    16
       Whip              |       |       |       |       |     1 ||     1
 Fire: Blowgun           |       |       |       |       |     7 ||     7
       Hunting sling     |       |       |       |       |     6 ||     6
Throw: Tomahawk          |       |       |       |    18 |     6 ||    24
  Use: Scroll            |     7 |     1 |     2 |    14 |     2 ||    26
       Potion            |       |     8 |     4 |     6 |     1 ||    19
 Stab: Sleeping          |    12 |     6 |    38 |    42 |     7 ||   105
       Distracted        |       |       |     2 |     5 |       ||     7
  Eat: Chunk             |     4 |     3 |    10 |    33 |     4 ||    54
       Bread ration      |       |     1 |     1 |       |     1 ||     3
       Royal jelly       |       |       |     1 |       |       ||     1
Armor: Skin              |     6 |     9 |    32 |    26 |    13 ||    86
Dodge: Dodged            |    58 |    34 |   226 |   477 |   272 ||  1067

Table legend:
 A = Spawn XP
 B = Non-spawn XP
 C = Spawn XP percentage of total XP
 D = Spawn monster count
 E = Non-spawn monster count
 F = Spawn count percentage of total count
 G = Total turns spent on level
                    A         B        C        D         E        F      G
               +---------+---------+-------+---------+---------+-------+---------
         Total |       0 |   42870 |   0.0 |       0 |     364 |   0.0 | 19338
               +---------+---------+-------+---------+---------+-------+---------
           D:1 |       0 |      25 |   0.0 |       0 |      17 |   0.0 |   731
           D:2 |       0 |      54 |   0.0 |       0 |      17 |   0.0 |  1380
           D:3 |       0 |     224 |   0.0 |       0 |      35 |   0.0 |   945
           D:4 |       0 |     555 |   0.0 |       0 |       5 |   0.0 |  1059
           D:5 |       0 |     927 |   0.0 |       0 |      27 |   0.0 |  1854
           D:7 |       0 |     747 |   0.0 |       0 |      22 |   0.0 |   935
           D:8 |       0 |    1449 |   0.0 |       0 |      31 |   0.0 |   990
           D:9 |       0 |    3594 |   0.0 |       0 |      49 |   0.0 |  2242
          D:10 |       0 |    2417 |   0.0 |       0 |      23 |   0.0 |  1196
          D:11 |       0 |    8841 |   0.0 |       0 |      34 |   0.0 |  1659
          D:12 |       0 |    7917 |   0.0 |       0 |      43 |   0.0 |  2263
          D:13 |       0 |   15743 |   0.0 |       0 |      56 |   0.0 |  3766
          D:14 |       0 |     375 |   0.0 |       0 |       3 |   0.0 |   165
       Ossuary |       0 |       2 |   0.0 |       0 |       2 |   0.0 |    38
               +---------+---------+-------+---------+---------+-------+---------
